[Event "13th Poti Nana Aleksandria Cup"]
[Site "Poti"]
[Date "2018.07.14"]
[Round "2"]
[White "Arabidze, Meri"]
[Black "Tsotsonava, Elene"]
[Result "1-0"]
[ECO "E20"]
[WhiteElo "2397"]
[BlackElo "1647"]
[Annotator "NA"]
[PlyCount "81"]
[EventDate "2018.07.13"]
[EventType "swiss"]
[EventCountry "GEO"]
[SourceTitle "playchess.com"]
[Source "ChessBase"]
[SourceQuality "1"]
[TimeControl "40/5400+30:1800+30"]

1. d4 Nf6 2. c4 e6 3. Nc3 Bb4 4. f3 c5 5. d5 Bxc3+ ({Better is} 5... O-O $11) 6. bxc3 d6 7. e4 e5 8. Bd3 Nbd7 9. Ne2 Nf8 10. h4 h5 {[%emt 0:00:19] LiveBook: 10 Games E20: Nimzo-Indian: 4 g3 and 4 f3} 11. Ng3 (11. Qa4+ Bd7 12. Qa3 Qc7 13. Bc2 Kd8 14. Rb1 Ng8 15. Ng3 Bc8 16. Rb2 f6 17. Be3 g6 18. Bd3 {1-0 (84) Volkov,S (2636)-Javakhishvili,L (2461) Banja Luka 2008}) 11... Ng6 $146 ({Predecessor:} 11... Qa5 12. Qc2 Ng6 13. Kf2 Qc7 14. a4 Bd7 15. Nf5 Kf8 16. Re1 Re8 17. Rb1 Bc8 18. Kg1 {½-½ (70) Morrow,W (2296)-Ramik,J (2327) ICCF email 2012}) 12. Nf5 Bxf5 13. exf5 Ne7 14. Bg5 Qd7 15. Qc2 O-O-O 16. a4 Qe8 17. a5 Nd7 18. Rb1 Nf8 19. f6 gxf6 20. Bxf6 Rg8 21. Kf2 Nfg6 22. g3 Qd7 23. Rb2 e4 24. Bxe4 Ne5 25. Bxe7 Qxe7 26. Rhb1 Rg7 $18 27. Bf5+ Kb8 28. Rxb7+ Qxb7 29. Rxb7+ Kxb7 30. Qa4 f6 31. f4 Ng4+ 32. Kf3 Nh6 33. Bg6 Re7 34. Bxh5 Nf5 35. Bg6 Nh6 36. g4 Rg7 37. a6+ Kb8 38. g5 fxg5 39. hxg5 Ng8 40. Qb5+ Ka8 41. Be8 1-0

[Event "13th Poti Nana Aleksandria Cup"]
[Site "Poti"]
[Date "2018.07.14"]
[Round "2"]
[White "Chkhaidze, Nikoloz"]
[Black "Paichadze, Luka"]
[Result "0-1"]
[ECO "E21"]
[WhiteElo "2337"]
[BlackElo "2564"]
[Annotator "ChessBase"]
[PlyCount "78"]
[EventDate "2018.07.13"]
[EventType "swiss"]
[EventCountry "GEO"]
[SourceTitle "playchess.com"]
[Source "ChessBase"]
[SourceQuality "1"]
[TimeControl "40/5400+30:1800+30"]

1. d4 Nf6 2. c4 e6 3. Nc3 Bb4 4. Nf3 b6 5. Bg5 Bb7 6. e3 h6 7. Bh4 Be7 8. Bd3 d5 9. cxd5 Nxd5 10. Bxe7 Qxe7 11. Nxd5 Bxd5 12. O-O O-O 13. Qe2 Nd7 14. e4 Bb7 15. Ba6 Bxa6 16. Qxa6 c5 17. Rfd1 Nf6 18. Qe2 Rac8 19. h3 Rfd8 20. Rac1 cxd4 21. Rxc8 Rxc8 22. Rxd4 Rc1+ 23. Kh2 Qc7+ 24. e5 Nd5 25. Rd2 Rc5 26. a3 a5 27. g3 b5 28. Nd4 b4 29. axb4 Nxb4 30. f4 g6 31. Nb5 Qb6 32. Nc3 Rc8 33. Kg2 Rd8 34. Rxd8+ Qxd8 35. h4 h5 36. Kh3 Nd3 37. Ne4 Qd4 38. Nf6+ Kg7 39. b3 Qg1 0-1

[Event "13th Poti Nana Aleksandria Cup"]
[Site "Poti"]
[Date "2018.07.14"]
[Round "2"]
[White "Aliyev, Ravan"]
[Black "Nikulina, Alena"]
[Result "1-0"]
[ECO "A85"]
[WhiteElo "2324"]
[BlackElo "1959"]
[Annotator "NA"]
[PlyCount "57"]
[EventDate "2018.07.13"]
[EventType "swiss"]
[EventCountry "GEO"]
[SourceTitle "playchess.com"]
[Source "ChessBase"]
[SourceQuality "1"]
[TimeControl "40/5400+30:1800+30"]

1. d4 f5 2. c4 Nf6 3. Nc3 e6 4. e3 b6 5. Bd3 Bb7 6. f3 Bb4 7. Nge2 O-O {[%emt 0:00:20] LiveBook: 15 Games} 8. O-O d5 9. Qc2 g6 10. a3 Be7 11. b4 c6 12. Bd2 Nbd7 (12... Re8 $16 {war einen Versuch wert.}) 13. Nf4 Kf7 14. e4 $18 Rg8 15. Rae1 Nf8 16. exd5 cxd5 17. cxd5 Nxd5 18. Ncxd5 exd5 19. Qb3 Bf6 20. Be3 Qd6 21. Bb1 Bxd4 22. Bxd4 Qxf4 23. Be5 Qc4 24. Qe3 Ne6 25. Qh6 Rac8 26. Bxf5 Rc6 27. Bxe6+ Rxe6 28. Qxh7+ Kf8 29. Bd6+ 1-0

[Event "13th Poti Nana Aleksandria Cup"]
[Site "Poti"]
[Date "2018.07.14"]
[Round "2"]
[White "Mammadov, Sadig"]
[Black "Janiashvili, Mariami"]
[Result "0-1"]
[ECO "C10"]
[WhiteElo "2312"]
[BlackElo "1988"]
[Annotator "NA"]
[PlyCount "116"]
[EventDate "2018.07.13"]
[EventType "swiss"]
[EventCountry "GEO"]
[SourceTitle "playchess.com"]
[Source "ChessBase"]
[SourceQuality "1"]
[TimeControl "40/5400+30:1800+30"]

1. e4 e6 2. d4 d5 3. Nd2 dxe4 4. Nxe4 Nd7 5. Nf3 Ngf6 6. Bd3 Nxe4 7. Bxe4 Nf6 8. Bd3 Be7 9. Qe2 O-O 10. O-O b6 11. Bg5 Bb7 12. Rad1 h6 13. Bc1 {[%emt 0:03:58] C10: French with 3 Nc3: Unusual Black 3rd moves and 3...dxe4} (13. Bxf6 Bxf6 14. Be4 Bxe4 15. Qxe4 Qd6 16. Rd3 Rfd8 17. Rfd1 c6 18. Ne5 Rac8 19. Ng4 Bg5 20. Qe2 c5 21. dxc5 Qxc5 22. Rxd8+ Rxd8 23. Rxd8+ Bxd8 {½-½ (49) Takacs,B (2354)-Chernyshov,K (2530) Heviz 2013}) 13... Qd5 {[%emt 0:01:19] LiveBook: 7 Partien} 14. c4 Qh5 15. Ne5 Qxe2 16. Bxe2 c5 17. Be3 cxd4 18. Bxd4 Rfd8 19. Bf3 $146 ({Predecessor:} 19. Be3 Rac8 20. Rxd8+ Rxd8 21. Rd1 Rxd1+ 22. Bxd1 Bd6 23. Bd4 Kf8 24. Ba4 Ke7 25. h3 Ne4 {½-½ (24) Koval,A (2053)-Mnich,J (2009) Slovakia 2018}) 19... Bxf3 20. Nxf3 Rac8 21. b3 Bc5 22. Bxc5 bxc5 23. Rfe1 Kf8 24. Kf1 a5 25. Ne5 a4 26. bxa4 Rxd1 27. Rxd1 Ra8 28. Rb1 Ne4 29. Rb7 Rxa4 30. Rxf7+ Kg8 31. Rf4 Nd2+ 32. Kg1 Rxa2 33. h4 Ra1+ 34. Kh2 Re1 35. Ng6 h5 36. Rf8+ Kh7 37. Nf4 Re4 38. g3 Nxc4 39. Rc8 Re5 40. Rc6 Na5 41. Ra6 $11 c4 42. Nxe6 c3 43. Nd4 Rd5 44. Kg2 Rxd4 45. Rxa5 Rc4 46. Ra1 c2 47. Rc1 Kg6 48. f3 Kf5 49. Kf2 Rc3 50. Ke2 g6 51. Kf2 Ke5 52. Ke2 Kd4 53. g4 hxg4 54. fxg4 Kc4 55. Kd2 Kb3 56. h5 gxh5 57. gxh5 Rh3 58. Rg1 Kb2 0-1

[Event "13th Poti Nana Aleksandria Cup"]
[Site "Poti"]
[Date "2018.07.14"]
[Round "2"]
[White "Poormosavi, Seyed Kian"]
[Black "Avetisyan, Mariam"]
[Result "0-1"]
[ECO "C06"]
[WhiteElo "2221"]
[BlackElo "2051"]
[Annotator "NA"]
[PlyCount "101"]
[EventDate "2018.07.13"]
[EventType "swiss"]
[EventCountry "GEO"]
[SourceTitle "playchess.com"]
[Source "ChessBase"]
[SourceQuality "1"]
[TimeControl "40/5400+30:1800+30"]

1. e4 e6 2. d4 d5 3. Nd2 Nf6 4. e5 Nfd7 5. Bd3 c5 6. c3 Nc6 7. Ne2 cxd4 8. cxd4 f6 9. exf6 Nxf6 10. Nf3 Bd6 11. O-O Qc7 12. Bg5 O-O {[%emt 0:01:21] LiveBook: 950 Games} 13. Nc3 a6 14. Rc1 Bd7 15. a3 {[%emt 0:09:40] C06: French Tarrasch: 3...Nf6 4 e5 Nfd7 5 Bd3 main lines} (15. Bh4 Be8 16. Qe1 Kh8 17. Bg3 Bxg3 18. hxg3 Bh5 19. Ne5 Nxe5 20. dxe5 Ng4 21. Be2 Qxe5 22. Bxg4 Qxe1 23. Rfxe1 Bxg4 {½-½ (41) Van Kampen,R (2618)-Williams,S (2455) England 2014}) 15... Be8 16. Qe2 Qf7 $146 ({Predecessor:} 16... Bf7 17. b4 Qe7 18. Rce1 Rac8 19. Na4 h6 20. Bh4 Rce8 21. Qe3 e5 22. dxe5 Nxe5 23. Nxe5 Qxe5 24. Qxe5 Rxe5 25. Rxe5 Bxe5 {½-½ (34) Thierry,R (2304)-Svoboda,F (2432) ICCF email 2009}) 17. Bh4 Bf4 18. Rce1 Bd7 19. Qc2 Qh5 20. Bg3 Qh6 21. Ne2 Bxg3 22. fxg3 Ng4 23. Nf4 Nxd4 24. Bxh7+ Qxh7 25. Qxh7+ Kxh7 26. Nxd4 e5 27. h3 exf4 28. hxg4 fxg3 29. Nf5 Bxf5 30. gxf5 Rae8 31. Rd1 Re5 32. Rf3 Rfxf5 33. Rxg3 Rg5 34. Rxg5 Rxg5 35. Kf2 Kg6 36. Kf3 Kf6 37. g4 Re5 38. Rc1 d4 39. Rc4 Re3+ 40. Kf2 Rb3 41. Rxd4 Rxb2+ 42. Kf3 Rb3+ 43. Kf4 $19 g5+ 44. Ke4 Ke6 45. Rd8 Rxa3 46. Re8+ Kf7 47. Rb8 Ra4+ 48. Ke5 Rb4 49. Kf5 Rb5+ 50. Ke4 a5 51. Ra8 0-1

[Event "13th Poti Nana Aleksandria Cup"]
[Site "Poti"]
[Date "2018.07.14"]
[Round "2"]
[White "Matevosyan, Sedrak"]
[Black "Sindarov, Javokhir"]
[Result "1/2-1/2"]
[ECO "E91"]
[WhiteElo "2161"]
[BlackElo "2474"]
[Annotator "ChessBase"]
[PlyCount "109"]
[EventDate "2018.07.13"]
[EventType "swiss"]
[EventCountry "GEO"]
[SourceTitle "playchess.com"]
[Source "ChessBase"]
[SourceQuality "1"]
[TimeControl "40/5400+30:1800+30"]

1. c4 g6 2. d4 Nf6 3. Nc3 Bg7 4. e4 d6 5. Nf3 O-O 6. Be2 Bg4 7. Be3 Nfd7 8. Ng1 Bxe2 9. Ngxe2 c5 10. O-O Nc6 11. b3 a6 12. a4 Qa5 13. Rc1 cxd4 14. Nxd4 Nc5 15. Nd5 Qd8 16. Nxc6 bxc6 17. Nb4 Qc7 18. Qc2 Rfb8 19. Bxc5 dxc5 20. Nd3 Bd4 21. Rcd1 Rb7 22. g3 Rab8 23. Nc1 e5 24. Rd3 Qd7 25. Ne2 f5 26. Nxd4 cxd4 27. Re1 c5 28. exf5 Qxf5 29. Qe2 Rf7 30. f3 Rfb7 31. g4 Qf6 32. Qxe5 Qxe5 33. Rxe5 Rxb3 34. Rxb3 Rxb3 35. Rxc5 Rxf3 36. Rd5 Rf4 37. h3 Kf7 38. Kg2 d3 39. c5 Rxa4 40. Rxd3 Ke6 41. Rd6+ Ke5 42. Rd7 Rc4 43. Ra7 Kf4 44. Rxa6 Rc2+ 45. Kf1 Rxc5 46. Ra7 Kg3 47. Rxh7 Re5 48. Rh6 Re6 49. h4 Rf6+ 50. Ke2 Re6+ 51. Kd3 Kxg4 52. h5 Kg5 53. Rxg6+ Rxg6 54. hxg6 Kxg6 55. Kd4 1/2-1/2

[Event "13th Poti Nana Aleksandria Cup"]
[Site "Poti"]
[Date "2018.07.14"]
[Round "2"]
[White "Kokaia, Guram"]
[Black "Samadov, Read"]
[Result "1-0"]
[WhiteElo "2159"]
[BlackElo "2037"]
[Annotator "NA"]
[PlyCount "90"]
[EventDate "2018.07.13"]
[EventType "swiss"]
[EventCountry "GEO"]
[SourceTitle "playchess.com"]
[Source "ChessBase"]
[SourceQuality "1"]
[TimeControl "40/5400+30:1800+30"]

1. e4 e6 2. d4 d5 3. Nd2 c5 4. Ngf3 Nc6 5. exd5 exd5 6. Bb5 Bd6 7. O-O Nge7 8. dxc5 Bxc5 9. Nb3 Bd6 10. Bg5 O-O 11. Bh4 Qc7 12. Bg3 Bg4 13. Be2 Bxg3 14. hxg3 {[%emt 0:00:10] LiveBook: 6 Games} Bxf3 15. Bxf3 Rad8 16. c3 Qb6 17. Re1 $14 Ng6 18. Qd2 Nge5 19. Rad1 Nxf3+ 20. gxf3 a5 21. Qe3 Qc7 22. Nd4 Qd7 23. Kg2 Rfe8 24. Qf4 f6 25. Rxe8+ Rxe8 26. Rd2 Re5 27. Nc2 Rf5 28. Qa4 Rh5 29. Qg4 Qxg4 30. fxg4 Re5 31. Ne3 Ne7 32. Rd3 b6 33. f4 Re6 34. Kf3 Rd6 35. c4 d4 36. Nf5 Nxf5 37. gxf5 Kf7 38. Ke4 g6 39. fxg6+ hxg6 40. Rxd4 f5+ 41. Ke3 Re6+ 42. Kf3 Ke7 43. Rd5 Rc6 44. b3 a4 45. Ke3 Re6+ 1-0

[Event "13th Poti Nana Aleksandria Cup"]
[Site "Poti"]
[Date "2018.07.14"]
[Round "2"]
[White "Eynullayev, Altay"]
[Black "Nigmatov, Ortik"]
[Result "0-1"]
[ECO "A58"]
[WhiteElo "2134"]
[BlackElo "2461"]
[Annotator "ChessBase"]
[PlyCount "94"]
[EventDate "2018.07.13"]
[EventType "swiss"]
[EventCountry "GEO"]
[SourceTitle "playchess.com"]
[Source "ChessBase"]
[SourceQuality "1"]
[TimeControl "40/5400+30:1800+30"]

1. d4 Nf6 2. c4 c5 3. d5 b5 4. cxb5 a6 5. bxa6 g6 6. Nc3 Bg7 7. e4 O-O 8. Be2 Qa5 9. Bd2 Bxa6 10. e5 Ne8 11. Nf3 d6 12. e6 f5 13. h4 Nf6 14. Ne4 Bxe2 15. Nxf6+ Bxf6 16. Qxe2 Qa6 17. Bc3 Qxe2+ 18. Kxe2 Na6 19. Rhd1 Nc7 20. Bxf6 Rxf6 21. a3 Rff8 22. Rac1 Rfb8 23. Rc2 Kg7 24. Rd3 Ra4 25. g3 Re4+ 26. Kd1 Rb7 27. Kc1 h6 28. Kd1 Kf6 29. b3 g5 30. hxg5+ hxg5 31. Re2 Rxe2 32. Kxe2 g4 33. Nd2 Nb5 34. f3 Nxa3 35. fxg4 fxg4 36. Ke3 Kf5 37. Rc3 Rb4 38. Rc1 Ke5 39. Rf1 Kxd5 40. Rf4 Nc2+ 41. Kd3 Rxf4 42. gxf4 Nb4+ 43. Ke3 Kxe6 44. Nf1 Nc6 45. Nd2 Nd4 46. Kf2 Kf5 47. Ke3 Nc2+ {[%emt 0:00:27] Kd4 Ke5+} 0-1

[Event "13th Poti Nana Aleksandria Cup"]
[Site "Poti"]
[Date "2018.07.14"]
[Round "2"]
[White "Eynullayev, Atilla"]
[Black "Danielyan, Vahe"]
[Result "0-1"]
[ECO "A58"]
[WhiteElo "2120"]
[BlackElo "2317"]
[Annotator "NA"]
[PlyCount "112"]
[EventDate "2018.07.13"]
[EventType "swiss"]
[EventCountry "GEO"]
[SourceTitle "playchess.com"]
[Source "ChessBase"]
[SourceQuality "1"]
[TimeControl "40/5400+30:1800+30"]

1. d4 Nf6 2. c4 c5 3. d5 b5 4. cxb5 a6 5. bxa6 g6 6. Nc3 {[%emt 0:00:00] A58: Benko/Volga Gambit: Lines with 5 bxa6} Bg7 7. e4 (7. Nf3 O-O 8. g3 d6 9. Bg2 Nxa6 10. O-O Bf5 11. Nh4 Bd7 12. b3 Qb6 13. Bd2 Rfb8 14. Re1 Nc7 15. Qc2 Ra3 16. Qc1 Qa7 17. e4 Ng4 18. h3 {0-1 (38) Li,C (2732)-Shankland,S (2671) Liaocheng 2018}) 7... O-O 8. Be2 Qa5 {[%emt 0:01:00] LiveBook: 26 Partien} 9. Bd2 Bxa6 10. e5 Ne8 11. Nf3 d6 12. e6 fxe6 13. dxe6 Bxe2 14. Qxe2 Nc6 $146 ({Predecessor:} 14... Qa6 15. Qxa6 Nxa6 16. Nd5 Ra7 17. Bc3 Bxc3+ 18. Nxc3 Ng7 {½-½ (18) Zanan,E (2450)-Semjonovs,I (2181) Pardubice 2016}) 15. O-O Rb8 16. Be1 Nd4 17. Nxd4 cxd4 18. Nd1 Qd5 19. Qd3 Nc7 20. Bd2 Nxe6 21. b4 Nf4 22. Bxf4 Rxf4 23. a3 e5 24. f3 Qe6 25. Nf2 d5 26. Qd2 Rbf8 27. Nd3 R4f5 28. Nc5 Qf7 29. Rfe1 g5 30. h3 h5 31. a4 g4 32. hxg4 hxg4 33. fxg4 Rf2 34. Qg5 e4 35. Nxe4 dxe4 36. Rxe4 Rxg2+ 37. Kxg2 Qf3+ 38. Kg1 Qxe4 39. Rf1 Rxf1+ 40. Kxf1 d3 41. Qd8+ Kh7 42. Qd7 Qe2+ 43. Kg1 Qe3+ 44. Kf1 d2 45. Qf5+ Kg8 46. Qd5+ Kh8 47. Qh1+ Bh6 48. Qa8+ Kg7 49. Qb7+ Kg6 50. Qc6+ Kg5 51. Qd5+ Kh4 52. Qh1+ Kg3 53. Qg2+ Kf4 54. Qh2+ Ke4 55. Qe2 Kd4 56. Qd1 Qh3+ 0-1

[Event "13th Poti Nana Aleksandria Cup"]
[Site "Poti"]
[Date "2018.07.14"]
[Round "2"]
[White "Mustafayev, Farid"]
[Black "Arakelyan, Nare"]
[Result "1-0"]
[WhiteElo "2068"]
[BlackElo "1834"]
[Annotator "NA"]
[PlyCount "121"]
[EventDate "2018.07.13"]
[EventType "swiss"]
[EventCountry "GEO"]
[SourceTitle "playchess.com"]
[Source "ChessBase"]
[SourceQuality "1"]
[TimeControl "40/5400+30:1800+30"]

1. d4 d5 2. c4 c6 3. Nf3 Nf6 4. g3 dxc4 5. Bg2 Nbd7 6. Qc2 Nb6 7. O-O g6 8. e4 Bg7 9. a4 a5 10. h3 h6 11. Be3 Nxe4 12. Bxh6 Rxh6 13. Qxe4 Bf5 14. Qf4 Nd5 15. Qd2 Bxh3 16. Bxh3 Rxh3 17. Re1 Qc7 18. Na3 Bh6 19. Qe2 c3 20. bxc3 Nxc3 21. Qf1 Rh5 22. Nc4 Bg7 23. Rec1 Nd5 24. Rab1 O-O-O 25. Qe1 Rdh8 26. Qe4 Rh1+ 27. Kg2 Rxc1 28. Rxc1 Qd7 29. Kf1 Rh1+ 30. Ng1 Qh3+ 31. Qg2 Qxg2+ 32. Kxg2 Rh5 33. g4 Rh8 34. Ne2 Kc7 35. Rb1 b6 36. Ne3 Nxe3+ 37. fxe3 e5 38. Rf1 Rf8 39. g5 exd4 40. exd4 Kd6 41. Rb1 Rb8 42. Kf3 f6 43. gxf6 Bxf6 44. Ke4 b5 45. Kd3 b4 46. Ng3 Kd5 47. Ne2 g5 48. Nc3+ Ke6 49. Ne4 Rd8 50. Rc1 Rxd4+ 51. Ke3 Rxe4+ 52. Kxe4 Kd6 53. Rf1 Ke6 54. Rf3 Bc3 55. Rf5 b3 56. Rxg5 b2 57. Rg1 Bd2 58. Kd3 Bc1 59. Kc2 Kd5 60. Rg4 c5 61. Rg8 1-0

[Event "13th Poti Nana Aleksandria Cup"]
[Site "Poti"]
[Date "2018.07.14"]
[Round "2"]
[White "Mnatsakanian, Arsen"]
[Black "Martynyuk, Elizaveta"]
[Result "1-0"]
[ECO "B24"]
[WhiteElo "2047"]
[BlackElo "2182"]
[Annotator "NA"]
[PlyCount "61"]
[EventDate "2018.07.13"]
[EventType "swiss"]
[EventCountry "GEO"]
[SourceTitle "playchess.com"]
[Source "ChessBase"]
[SourceQuality "1"]
[TimeControl "40/5400+30:1800+30"]

1. e4 c5 2. Nc3 Nc6 3. Bb5 Nd4 4. Nf3 Nxb5 5. Nxb5 d6 6. d4 a6 {[%emt 0:01:08] B23: Closed Sicilian: Lines without g3} 7. Nc3 cxd4 8. Qxd4 Bg4 {[%emt 0:01:57] LiveBook: 6 Partien} (8... e5 9. Qd3 h6 10. Nd2 Nf6 11. Nc4 Be6 12. Ne3 Rc8 13. a4 Qb6 14. O-O Be7 15. Rd1 O-O 16. Bd2 Qd4 17. Be1 Qxd3 18. Rxd3 Rc5 19. f3 Rfc8 {½-½ (56) Rapport,R (2715)-Lagarde,M (2587) Karlsruhe 2018}) 9. Be3 Nf6 10. h3 Bxf3 11. gxf3 Qa5 12. O-O-O g6 $146 ({Predecessor:} 12... Rd8 13. Qa7 Nd7 14. Qxb7 Rb8 15. Rd5 Rxb7 16. Rxa5 Ne5 17. Rxa6 Nxf3 18. Ra8+ Kd7 19. a4 {1-0 (19) Van Foreest,J (2601)-De Bock,R (1962) Vlissingen 2016}) 13. Nd5 Bg7 ({Better is} 13... Nxd5 14. Qxh8 Nxe3 15. fxe3 Qxa2) 14. Bg5 Nh5 {[%emt 0:04:21] [#]} (14... Qxa2 $16 {was worth a try.} 15. Nc7+ (15. Bxf6 Bxf6 16. Nxf6+ exf6 $11) 15... Kd7 16. Nxa8 Qa1+ 17. Kd2 Qa5+ 18. Ke2 Qxg5 19. Nb6+ Kc7) 15. Qc4 $1 O-O 16. Nxe7+ $2 ({White should try} 16. Bxe7 $18 Rfc8 17. Qb3) 16... Kh8 17. Nd5 f5 {[%emt 0:03:27] [#]} 18. Be3 (18. Be7 $1 $18) 18... Qb5 (18... fxe4 $142 19. fxe4 b5) 19. Qxb5 axb5 20. a3 fxe4 21. fxe4 Be5 {[%emt 0:01:37] [#]} 22. Nc7 $18 Ra5 23. Bb6 Ra4 24. Nxb5 Rxe4 25. Nxd6 Re2 26. Nxb7 Nf4 27. Rd8 Rxd8 28. Nxd8 Kg8 29. Be3 h5 30. Nc6 Bd6 31. Kd1 1-0

[Event "13th Poti Nana Aleksandria Cup"]
[Site "Poti"]
[Date "2018.07.14"]
[Round "2"]
[White "Gordon, Evgeny"]
[Black "Yeritsyan, Hayk"]
[Result "1/2-1/2"]
[ECO "A40"]
[WhiteElo "2016"]
[BlackElo "2178"]
[Annotator "NA"]
[PlyCount "111"]
[EventDate "2018.07.13"]
[EventType "swiss"]
[EventCountry "GEO"]
[SourceTitle "playchess.com"]
[Source "ChessBase"]
[SourceQuality "1"]
[TimeControl "40/5400+30:1800+30"]

1. d4 Nf6 2. c4 e6 3. Nc3 d5 4. Nf3 Be7 5. Bf4 c5 6. dxc5 Bxc5 7. e3 Nc6 8. Be2 O-O 9. O-O dxc4 10. Qxd8 Rxd8 11. Bxc4 b6 12. Rfd1 Bb7 13. a3 Rac8 14. h3 h6 15. Kf1 Rxd1+ 16. Nxd1 Na5 17. Ba2 Be7 18. Be5 Ne4 19. Nc3 Nc6 20. Bb1 Nd2+ 21. Nxd2 Nxe5 22. f4 Rd8 23. Be4 Rxd2 24. Bxb7 Nc4 25. Nd1 Bc5 26. Ke1 Rd7 27. Bf3 Bxe3 28. Nxe3 Nxe3 29. Rc1 g6 30. g4 Nd5 31. Bxd5 Rxd5 32. Ke2 a5 33. Ke3 Rb5 34. b4 axb4 35. Rb1 b3 36. Kd3 b2 37. Kc3 Kg7 38. a4 Ra5 39. Kb4 Rd5 40. Rxb2 Kf6 41. Rc2 Rd4+ 42. Kb5 Rxf4 43. Ra2 Rf3 44. Kxb6 Rxh3 45. a5 Rb3+ 46. Kc7 Rc3+ 47. Kb7 Rd3 48. Kc7 Ke7 49. a6 Rd7+ 50. Kb8 f5 51. Rh2 f4 52. Rxh6 Kf6 53. Rh8 e5 54. Re8 Kg5 55. a7 Rxa7 56. Kxa7 1/2-1/2

[Event "13th Poti Nana Aleksandria Cup"]
[Site "Poti"]
[Date "2018.07.14"]
[Round "2"]
[White "Tihonov, Gennady"]
[Black "Pshmahov, Osman"]
[Result "0-1"]
[ECO "B00"]
[WhiteElo "1845"]
[BlackElo "2136"]
[Annotator "NA"]
[PlyCount "98"]
[EventDate "2018.07.13"]
[EventType "swiss"]
[EventCountry "GEO"]
[SourceTitle "playchess.com"]
[Source "ChessBase"]
[SourceQuality "1"]
[TimeControl "40/5400+30:1800+30"]

1. e4 d6 2. Nc3 Nf6 3. d3 g6 4. g3 Bg7 5. Bg2 O-O 6. Nge2 c5 7. O-O Nc6 8. h3 Rb8 {[%emt 0:01:39] LiveBook: 131 Games} 9. Nf4 {[%emt 0:08:18] B25: Sizilianisch (Geschlossenes System)} (9. f4 Nd7 10. Nd5 e6 11. Ne3 b5 12. f5 Bb7 13. c3 b4 14. Ng4 bxc3 15. bxc3 exf5 16. exf5 Nce5 17. Bxb7 Rxb7 {½-½ (46) Aronian,L (2764)-Vachier Lagrave,M (2789) Leuven 2018}) 9... b5 10. Ncd5 e6 $146 ({Vorgänger:} 10... Nd7 11. Ne2 e6 12. Ne3 Nb6 13. f4 Nd4 14. c3 Nxe2+ 15. Qxe2 {0-1 (55) Frick,C (2254)-Samartsev,A (2160) Opatija 2013}) 11. Nxf6+ Bxf6 12. h4 Ne7 13. h5 e5 14. Nh3 Nc6 15. Bh6 Re8 16. Be3 Be6 17. c3 b4 18. Qe2 {[%emt 0:06:50] [#]} c4 $1 19. Rfd1 bxc3 20. bxc3 cxd3 21. Qxd3 Be7 ({Reject} 21... gxh5 $6 22. Qxd6 Rc8 23. Qxd8 $11) 22. hxg6 hxg6 23. Qa6 Qc8 24. Qxc8 Rexc8 25. Ng5 Bg4 26. Rdb1 f6 27. Nf3 Be6 28. a4 Na5 29. Rxb8 Rxb8 30. Bxa7 Ra8 31. Be3 Nb3 32. Rb1 Rxa4 33. Nd2 Nc5 34. Rb4 Ra3 35. c4 Nd3 36. Rb7 Kf8 37. Kh2 Nc5 38. Rb6 Kf7 39. Rb4 Nd7 40. Bf1 d5 41. Rb3 d4 42. Rxa3 Bxa3 43. Nb1 Bb2 44. Bd2 Nc5 45. f3 Ke7 46. Kg2 Kd7 $17 47. Kf2 Kc6 48. Bb4 f5 49. exf5 gxf5 0-1

[Event "13th Poti Nana Aleksandria Cup"]
[Site "Poti"]
[Date "2018.07.14"]
[Round "2"]
[White "Bibilashvili, Lali"]
[Black "Mesropian, Khachatur"]
[Result "0-1"]
[WhiteElo "1816"]
[BlackElo "2128"]
[Annotator "NA"]
[PlyCount "109"]
[EventDate "2018.07.13"]
[EventType "swiss"]
[EventCountry "GEO"]
[SourceTitle "playchess.com"]
[Source "ChessBase"]
[SourceQuality "1"]
[TimeControl "40/5400+30:1800+30"]

1. c4 Nf6 2. Nc3 d5 3. cxd5 Nxd5 4. Nf3 g6 5. g3 Bg7 6. Bg2 O-O 7. O-O c5 8. Qb3 Nb6 9. d3 Nc6 10. Be3 Nd4 11. Bxd4 cxd4 12. Ne4 Be6 13. Qa3 Bd5 14. Rac1 a6 15. Qa5 Rc8 16. a4 f5 17. Rxc8 Nxc8 18. Qxd8 Rxd8 19. Ned2 Nb6 20. a5 Na4 21. b3 Nc3 22. Re1 e5 23. Nc4 e4 24. Nfd2 Bf8 25. f3 e3 26. Nb1 Nb5 27. f4 Bb4 28. Rc1 Bxg2 29. Kxg2 Rc8 30. Rg1 Nd6 31. Nba3 Nb5 32. Nb1 Na7 33. Nba3 Rc5 34. Kf3 Bxa3 35. Nxa3 Rxa5 36. Nc4 Rd5 37. g4 Kf8 38. gxf5 gxf5 39. Rg5 Nc6 40. h4 Ne7 41. Ne5 Rd6 42. h5 a5 43. Nc4 Ra6 44. Na3 a4 45. bxa4 Rxa4 46. Nb5 h6 47. Rg1 Rb4 48. Nd6 Rb6 49. Nc4 Rb4 50. Ra1 Kg7 51. Ne5 Kf6 52. Rc1 Ke6 53. Rg1 b5 54. Ra1 Ra4 55. Rc1 0-1

[Event "13th Poti Nana Aleksandria Cup"]
[Site "Poti"]
[Date "2018.07.15"]
[Round "4"]
[White "Pantsulaia, Levan"]
[Black "Sattarov, Bobir"]
[Result "1-0"]
[ECO "A05"]
[WhiteElo "2575"]
[BlackElo "2328"]
[Annotator "ChessBase"]
[PlyCount "109"]
[EventDate "2018.07.13"]
[EventType "swiss"]
[EventCountry "GEO"]
[SourceTitle "playchess.com"]
[Source "ChessBase"]
[SourceQuality "1"]
[TimeControl "40/5400+30:1800+30"]

1. Nf3 Nf6 2. g3 g6 3. b3 Bg7 4. Bb2 d6 5. d4 c5 6. Bg2 cxd4 7. Nxd4 d5 8. O-O O-O 9. c4 dxc4 10. Na3 cxb3 11. Qxb3 Nc6 12. Rfd1 Qa5 13. Bxc6 bxc6 14. Nxc6 Qh5 15. Nxe7+ Kh8 16. Nxc8 Rfxc8 17. Qf3 Qxf3 18. exf3 Ne8 19. Bxg7+ Kxg7 20. Rac1 Rab8 21. Nc4 Rc5 22. Ne3 Rxc1 23. Rxc1 Rb2 24. Rc2 Rxc2 25. Nxc2 Kf6 26. Nd4 a6 27. f4 Ke7 28. Kf1 Kd6 29. Ke2 Kc5 30. Kd3 Nd6 31. g4 Kb4 32. Nc2+ Kc5 33. f3 Ne8 34. h4 a5 35. Nd4 Nd6 36. Kc3 Nb5+ 37. Nxb5 Kxb5 38. Kd4 Kb4 39. Ke5 Ka3 40. Kf6 Kxa2 41. Kxf7 a4 42. f5 gxf5 43. gxf5 a3 44. f6 Kb1 45. Kg8 a2 46. f7 a1=Q 47. f8=Q Qe5 48. f4 Qd5+ 49. Kg7 h5 50. f5 Qd4+ 51. Qf6 Qf4 52. Qg6 Qxh4 53. f6+ Ka2 54. f7 Qd4+ 55. Qf6 1-0

[Event "13th Poti Nana Aleksandria Cup"]
[Site "Poti"]
[Date "2018.07.15"]
[Round "4"]
[White "Matsenko, Sergei"]
[Black "Harutjunyan, Gevorg"]
[Result "1-0"]
[ECO "D02"]
[WhiteElo "2539"]
[BlackElo "2418"]
[Annotator "ChessBase"]
[PlyCount "151"]
[EventDate "2018.07.13"]
[EventType "swiss"]
[EventCountry "GEO"]
[SourceTitle "playchess.com"]
[Source "ChessBase"]
[SourceQuality "1"]
[TimeControl "40/5400+30:1800+30"]

1. Nf3 d5 2. d4 Nc6 3. c4 Bg4 4. Nc3 e6 5. cxd5 exd5 6. Bg5 Be7 7. Bxe7 Ngxe7 8. e3 O-O 9. Be2 a6 10. Na4 Qd6 11. O-O Na5 12. Nc5 b6 13. Nd3 f6 14. Rc1 Bd7 15. Rc3 Rfd8 16. Qc2 Ra7 17. Rc1 c6 18. b3 Be8 19. Nb2 Nb7 20. Bd3 g6 21. Na4 Qc7 22. Qe2 a5 23. Nd2 Nd6 24. R3c2 Qb8 25. Qf3 Kg7 26. Qg3 Rc7 27. f3 Qa7 28. Kh1 Nef5 29. Qf2 Re7 30. Nf1 h5 31. Re1 Bd7 32. e4 dxe4 33. fxe4 Rde8 34. Rce2 Nh6 35. Qg3 Ndf7 36. Ne3 Rxe4 37. Bxe4 Rxe4 38. Rd2 h4 39. Qf2 Qb8 40. Rf1 f5 41. Nc3 Re7 42. Re2 Qe8 43. Rfe1 h3 44. gxh3 b5 45. Ng4 Rxe2 46. Rxe2 Nxg4 47. hxg4 Qd8 48. gxf5 Bxf5 49. Qe3 Qh4 50. Ne4 Be6 51. Kg1 Qg4+ 52. Kf1 Bd5 53. Nc3 Bf3 54. Rf2 Ng5 55. Qe5+ Kh7 56. Qc7+ Kh6 57. Qg3 Qxg3 58. hxg3 Kh5 59. Rh2+ Kg4 60. Kf2 Kf5 61. Rh8 b4 62. Rf8+ Ke6 63. Ne2 Bxe2 64. Kxe2 Ne4 65. Re8+ Kd5 66. Ke3 Nxg3 67. Re5+ Kd6 68. Rxa5 Nf5+ 69. Ke4 Ne7 70. Re5 Nd5 71. Kd3 c5 72. Rg5 cxd4 73. Rxg6+ Kc5 74. Rg5 Kc6 75. Kxd4 Nf4 76. Ke4 {Kd5+} 1-0